 Dungeon Crawl Stone Soup version 0.31.0-32-g396128a36d (webtiles) character file.

Game seed: 14941083371605998373

3101 Logoto the Cleaver (level 9, -2/121 HPs)
             Began as a Hill Orc Berserker on Mar 26, 2024.
             Was a Priest of Trog.
             Incinerated by a smoke demon (4 damage)
             ... with a pyre arrow
             ... on level 7 of the Dungeon.
             The game lasted 00:18:24 (6593 turns).

Logoto the Cleaver (Hill Orc Berserker)             Turns: 6593, Time: 00:18:25

Health: -2/121     AC: 32    Str: 30    XL:     9   Next: 90%
Magic:  9/9        EV: 10    Int:  7    God:    Trog [***...]
Gold:   507        SH:  0    Dex: 10    Spells: 8/8 levels left

rFire   . . .        a - +0 hand axe
rCold   . . .        (no shield)
rNeg    . . .        E - +18 Lear's hauberk
rPois   .            (helmet currently unavailable)
rElec   .            (no cloak)
rCorr   .            (gloves currently unavailable)
SInv    .            (boots currently unavailable)
Will    .....        (no amulet) Stlth
                     l - +4 ring of protection
HPRegen 0.40/turn    u - +6 ring of strength
MPRegen 0.11/turn

%: no passive effects
@: berserking (expiring), on fire, glowing, very quick
A: no striking features
a: Renounce Religion, Berserk, Trog's Hand


You were on level 7 of the Dungeon.
You worshipped Trog.
Trog was most pleased with you.
You visited 1 branch of the dungeon, and saw 7 of its levels.

You collected 507 gold pieces.

Inventory:

Hand Weapons
 a - a +0 hand axe (weapon)
 q - a +0 antimagic trident
 z - a +0 whip of freezing
Missiles
 j - 14 poisoned darts (quivered)
Armour
 o - a +2 helmet of intelligence
 s - a +2 leather armour of fire resistance
 E - the +18 Lear's hauberk (worn)
   (You found it on level 6 of the Dungeon)
Jewellery
 f - a ring of willpower
 l - a +4 ring of protection (left hand)
 m - a ring of protection from fire
 u - a +6 ring of strength (right hand)
 y - a ring of flight
 C - the ring "Seteifup" {Ice Will- Str+8 Dex+2 Stlth+}
   (You found it on level 6 of the Dungeon)

   [ring of ice]

   Ice:       It enhances your ice magic.
   Str+8:     It affects your strength (+8).
   Dex+2:     It affects your dexterity (+2).
   rF-:       It makes you vulnerable to fire.
   rC+:       It protects you from cold.
   Will-:     It decreases your willpower.
   Stlth+:    It makes you more stealthy.
Wands
 b - a wand of digging (7)
 p - a wand of flame (5)
Scrolls
 c - 2 scrolls of revelation {unknown}
 d - a scroll of noise {unknown}
 e - 3 scrolls of identify {unknown}
 h - a scroll of immolation {unknown}
 n - 4 scrolls of teleportation {unknown}
 r - 3 scrolls of blinking {unknown}
 w - 4 scrolls of vulnerability {unknown}
 B - a scroll of poison {unknown}
Potions
 g - 3 potions of degeneration {unknown}
 i - 2 potions of heal wounds {unknown}
 k - a potion of curing {unknown}
 t - 2 potions of cancellation {unknown}
 v - a potion of mutation {unknown}
 A - a potion of attraction {unknown}
 D - a potion of brilliance {unknown}


   Skills:
 + Level 8.2 Fighting
 + Level 12.4 Axes
 + Level 8.1 Armour
 + Level 2.7 Dodging
 + Level 1.0 Stealth


You had 8 spell levels left.
You didn't know any spells.
Your spell library was empty.

Dungeon Overview and Level Annotations

Branches:
Dungeon (7/15)             Temple (0/1) D:7

Altars:

Shops:
D:1 (


Message History

The liquid fire burns you!
* * * LOW HITPOINT WARNING * * *
You closely miss the orc sorcerer.
The orc sorcerer is severely wounded.
You barely miss the smoke demon.
You are engulfed in a cloud of scalding steam.
The liquid fire burns you!
* * * LOW HITPOINT WARNING * * *
The orc sorcerer closely misses you.
The smoke demon hits you but does no damage. x2
The smoke demon barely misses you.
You slash the orc sorcerer!
The orc sorcerer is almost dead.
You hit the smoke demon. The liquid fire burns you!
* * * LOW HITPOINT WARNING * * *
You are too berserk!
You hit the orc sorcerer but do no damage.
The orc sorcerer is almost dead.
You slash the smoke demon!
You kill the smoke demon!
The smoke demon disappears in a puff of smoke!
The liquid fire burns you!
* * * LOW HITPOINT WARNING * * *
The orc sorcerer hits you but does no damage.
You slash the orc sorcerer!
You kill the orc sorcerer!
Trog accepts your kill.
Trog appreciates your killing of a magic user.
You hit the iguana. The liquid fire burns you!
* * * LOW HITPOINT WARNING * * *
Your life force feels restored.
Your Fighting skill increases to level 8!
Your Armour skill increases to level 8!
Your Stealth skill increases to level 1!
You barely miss the iguana.
The iguana is moderately wounded.
The liquid fire burns you!
You die...

...... #.................
..##.###########.....#####+#####.
.................##### ##
####.########..### ......# #..##
## ####..# ##.## #####...# # #..#
##..# ##§.....o/ # #..####).##
##l.# ####.#))....# #@§##
....###.##..# #)## ####.#.###..#
#.# # #.# #.#####.# ## #.#
#.##....# .## #.# #.#...###
..###.# #.#..## .(.##.# #.#.##
.#..#.# #.'.#


You could see an iguana.

Vanquished Creatures
  An ogre mage (D:7)
  An orc sorcerer (D:7)
  A troll (D:6)
  A wraith (D:7)
  Sigmund (D:6)
  A water moccasin (D:5)
  Pargi (D:4)
  2 sky beasts
  2 black bears (D:6)
  An ice beast (D:7)
  A centaur (D:7)
  An ogre (D:4)
  2 phantoms
  A kobold brigand (D:7)
  A bullfrog (D:4)
  4 scorpions
  2 bombardier beetles
  2 hounds
  An orc priest (D:4)
  3 jellies
  3 sleepcaps
  Ijyb (D:3)
  2 orc wizards
  An iguana (D:6)
  Robin (D:3)
  8 adders
  9 gnolls
  2 white imps
  2 ufetubi (D:4)
  4 ribbon worms
  4 dart slugs
  11 orcs
  9 endoplasms
  3 giant cockroaches
  14 goblins
  13 hobgoblins
  7 jackals
  15 kobolds
  6 quokkas
  7 ball pythons
  2 bats
  5 frilled lizards
  10 rats
169 creatures vanquished.

Notes
Turn   | Place    | Note
-------+----------+-------------------------------------------
     0 | D:1      | Logoto the Hill Orc Berserker began the quest for the Orb.
     0 | D:1      | Reached XP level 1. HP: 19/19 MP: 1/1
   267 | D:1      | Reached XP level 2. HP: 4/27 MP: 2/2
   524 | D:1      | Found Pocasai's Weapon Shop.
   591 | D:1      | Reached XP level 3. HP: 31/33 MP: 3/3
  1233 | D:1      | Found a faded altar of an unknown god.
  1370 | D:2      | Reached skill level 5 in Axes
  1388 | D:2      | Reached XP level 4. HP: 37/41 MP: 4/4
  1640 | D:2      | Reached ** piety under Trog
  1643 | D:2      | You fall into a shaft and drop 1 floor!
  1909 | D:2      | Reached XP level 5. HP: 29/47 MP: 5/5
  2316 | D:3      | Reached skill level 6 in Axes
  2685 | D:3      | Reached skill level 5 in Fighting
  2986 | D:3      | Noticed Ijyb
  2996 | D:3      | Killed Ijyb
  2997 | D:3      | Reached XP level 6. HP: 56/56 MP: 6/6
  3013 | D:3      | Noticed Robin
  3016 | D:3      | Killed Robin
  3497 | D:4      | Reached *** piety under Trog
  3519 | D:4      | Noticed Pargi
  3526 | D:4      | Reached skill level 7 in Axes
  3545 | D:4      | Killed Pargi
  3546 | D:4      | Reached XP level 7. HP: 51/61 MP: 7/7
  3629 | D:4      | Reached skill level 8 in Axes
  4039 | D:4      | Reached skill level 9 in Axes
  4161 | D:5      | Entered Level 5 of the Dungeon
  4223 | D:5      | Reached skill level 5 in Armour
  4223 | D:5      | Reached XP level 8. HP: 65/70 MP: 8/8
  4564 | D:5      | Reached skill level 10 in Axes
  5204 | D:6      | Identified the ring "Seteifup" {Ice Will- Str+8 Dex+2
                  | Stlth+}
  5283 | D:6      | Noticed Sigmund
  5298 | D:6      | Killed Sigmund
  5299 | D:6      | Reached skill level 11 in Axes
  5324 | D:6      | Noticed a troll
  5339 | D:6      | Reached XP level 9. HP: 79/79 MP: 9/9
  5341 | D:6      | Killed a troll
  5745 | D:6      | Found the +18 Lear's hauberk
  6317 | D:7      | Found a staircase to the Ecumenical Temple.
  6567 | D:7      | Noticed an ogre mage
  6568 | D:7      | Noticed an orc sorcerer
  6570 | D:7      | Paralysed by an ogre mage for 5 turns
  6574 | D:7      | Noticed a smoke demon
  6581 | D:7      | Killed an ogre mage
  6582 | D:7      | Reached skill level 12 in Axes
  6592 | D:7      | Killed an orc sorcerer
  6592 | D:7      | HP: 2/115 [burnt (8)]
  6593 | D:7      | Reached skill level 1 in Stealth
  6593 | D:7      | Incinerated by a smoke demon

Illustrated notes

Levels and vault maps discovered:
D:1:      dpeg_arrival_signposts, layout_basic, serial_shops,
          nicolae_shop_back_alley_shop, ebering_ecumenical_altar_mist
D:2:      layout_rooms
D:3:      layout_basic, serial_curves, eino_curves_03, eino_curves_03,
          uniq_robin, uniq_ijyb
D:4:      layout_basic, minmay_bent, uniq_pargi
D:5:      layout_basic, minmay_fractal_squares_gapless_5
D:6:      layout_loops_cross, hellmonk_guarded_unrand_lears, uniq_sigmund
D:7:      minmay_the_grid_plus_closed [minmay_the_grid_dragon_a,
          minmay_the_grid_tri_star, minmay_the_grid_mess,
          minmay_the_grid_spin_star, minmay_the_grid_prize_big_room],
          layout_loops_ring, minmay_temple_entry_arrows, corexii_hall_statues_t,
          kennysheep_small_spiral, nicolae_elevator_lobby_plus

Skill      XL: |  1  2  3  4  5  6  7  8  9 |
---------------+----------------------------+-----
Fighting       | 4 5 7 8 |  8.2
Axes           | 5 6 7 9 11 12 | 12.4
Armour         | 3 4 5 6 8 |  8.1
Dodging        | 2 |  2.7
Stealth        | 1 |  1.0

Action                     |  1- 3 |  4- 6 |  7- 9 || total
---------------------------+-------+-------+-------++-------
  Melee: Hand axe          |   116 |   252 |   303 ||   671
         Punch             |     2 |     3 |       ||     5
  Throw: Dart              |       |     5 |       ||     5
 Invoke: Berserk           |     3 |     7 |    12 ||    22
 Armour: Animal skin       |    30 |       |       ||    30
         Ring mail         |    39 |    50 |       ||    89
         Plate armour      |       |   160 |   150 ||   310
         Skin              |       |     1 |       ||     1
         Chain mail        |       |       |    52 ||    52
  Dodge: Dodged            |    60 |   104 |    84 ||   248
